AoeStats
← PatriotTURK

Fortress

510139181Analyzed
4v4 RM · 3d ago on Sep 29, 2026· 40m 36s· 8 players
Game mode
Random Map
Map size
Huge
Population
200
Speed
Normal
Resources
Standard
Victory
Conquest
Starting age
Dark Age
Ending age
Imperial Age
RankedLock teamsTeams togetherTeam positionsShared explorationLock speedFull tech treeHidden civsTurbo modeCheats
Victory
Defeat
🇩🇪 Goths · Germany
1113
+11
🇪🇸 Celts · Spain
1090
+11
🇱🇹 Bulgarians · Lithuania
1081
+12
🇩🇪 Khmer · Germany
1022
+14
🇹🇷 Goths · Türkiye
1088
-15
🇬🇧 Teutons · United Kingdom
1001
-13
🇩🇪 Turks · Germany
951
-11
🇹🇷 Danes · Türkiye
908
-9
(DB) Eydur
1:29 Loom
9:14 Feudal Age
14:03 Castle Age
15:16 Forging
18:49 Man-at-Arms
19:26 Long Swordsman
31:41 Imperial Age
29:01 Loom
29:58 Wheelbarrow
30:20 Anarchy
31:13 Scale Mail Armor
31:55 Iron Casting
32:20 Squires
31:41 Pikeman
33:13 Hand Cart
32:25 Two-Handed Swordsman
32:35 Halberdier
34:37 Chain Mail Armor
37:15 Blast Furnace
38:41 Champion
dideaflorinfor93
3:04 Loom
6:15 Feudal Age
6:41 Double-Bit Axe
6:39 Horse Collar
13:56 Castle Age
12:14 Gold Mining
14:31 Forging
15:12 Bow Saw
17:23 Stone Mining
18:15 Gold Shaft Mining
19:18 Wheelbarrow
23:28 Iron Casting
25:11 Hand Cart
30:35 Imperial Age
29:17 Husbandry
29:32 Scale Barding Armor
29:34 Squires
29:19 Arson
30:38 Cavalier
33:32 Blast Furnace
szczuply23
1:13 Loom
9:58 Feudal Age
10:26 Horse Collar
10:35 Double-Bit Axe
16:20 Castle Age
14:24 Stone Mining
20:05 Gold Mining
22:34 Fletching
23:22 Heavy Plow
25:15 Bodkin Arrow
28:50 Bow Saw
34:03 Imperial Age
PatriotTURK
0:31 Loom
5:52 Feudal Age
6:16 Horse Collar
6:24 Double-Bit Axe
15:01 Castle Age
14:10 Gold Mining
18:26 Bow Saw
18:18 Heavy Plow
20:13 Wheelbarrow
19:35 Stone Mining
20:24 Gold Shaft Mining
19:18 Hamask
22:06 Squires
22:15 Arson
24:20 Forging
24:16 Scale Mail Armor
30:41 Imperial Age
29:13 Chain Mail Armor
29:34 Iron Casting
30:11 Hand Cart
29:42 Town Watch
31:27 Stone Shaft Mining
31:27 Caravan
32:36 Conscription
35:31 Elite Jomsviking
38:46 Plate Mail Armor
39:17 Blast Furnace
WildNightCat
6:59 Feudal Age
5:15 Loom
11:26 Castle Age
9:30 Horse Collar
10:01 Double-Bit Axe
11:58 Wheelbarrow
11:14 Loom
12:04 Wheelbarrow
12:25 Heavy Plow
13:14 Bow Saw
19:42 Hand Cart
21:55 Husbandry
22:40 Bloodlines
24:01 Scale Barding Armor
24:58 Chain Barding Armor
24:49 Forging
24:58 Gold Mining
24:58 Stone Mining
26:40 Caravan
29:55 Imperial Age
28:23 Iron Casting
29:22 Coinage
28:40 Town Watch
28:25 Light Cavalry
30:20 Gold Shaft Mining
30:20 Stone Shaft Mining
29:54 Stirrups
30:03 Stirrups
32:19 Parthian Tactics
31:16 Heavy Cavalry Archer
31:58 Hussar
32:02 Cavalier
34:46 Blast Furnace
34:22 Plate Barding Armor
33:37 Fletching
33:47 Padded Archer Armor
34:43 Town Patrol
35:17 Conscription
34:58 Bagains
34:19 Elite Konnik
36:00 Scale Mail Armor
35:56 Bodkin Arrow
40:00 Bracer
40:15 Chain Mail Armor
41:31 Ballistics
Shadowman37
4:22 Loom
8:42 Feudal Age
16:18 Castle Age
14:36 Double-Bit Axe
14:38 Horse Collar
15:26 Stone Mining
15:30 Gold Mining
27:42 Fletching
30:04 Bodkin Arrow
33:57 Imperial Age
37:18 Town Watch
38:24 Wheelbarrow
37:41 Heavy Scorpion
38:24 Padded Archer Armor
38:51 Bracer
39:45 Double Crossbow
40:07 Conscription
tobias-bayer90
8:55 Feudal Age
9:48 Double-Bit Axe
10:05 Horse Collar
14:37 Castle Age
18:41 Bow Saw
27:49 Imperial Age
26:03 Forging
25:54 Scale Mail Armor
27:09 Anarchy
27:48 Iron Casting
28:20 Chain Mail Armor
28:36 Gold Mining
29:48 Blast Furnace
28:51 Perfusion
28:13 Pikeman
28:54 Squires
29:29 Elite Huskarl
31:12 Wheelbarrow
FY_Radik
2:24 Loom
9:18 Feudal Age
14:16 Castle Age
13:10 Gold Mining
13:35 Double-Bit Axe
14:24 Horse Collar
15:26 Forging
17:17 Wheelbarrow
22:27 Hand Cart
28:15 Imperial Age
28:47 Pikeman
29:41 Scale Mail Armor
34:49 Bow Saw
34:53 Capped Ram
37:43 Chain Mail Armor
38:03 Iron Casting
38:07 Heavy Plow
39:53 Halberdier
Connection lost

Rejoining the realm…

Still unreachable

The connection could not be restored.

Session expired

The server has moved on; the page needs a fresh start.